 Dungeon Crawl Stone Soup version 0.28-a0-704-g4d584c6 (webtiles) character file.

Game seed: 16379124666295187055

72174 NeededCrab the Bludgeoner (level 15, -8/110 HPs)
             Began as a Demonspawn Monk on Oct 23, 2021.
             Was the Champion of Nemelex Xobeh.
             Mangled by a spark wasp (15 damage)
             ... led by a tengu warrior
             ... on level 13 of the Dungeon.
             The game lasted 01:20:58 (20057 turns).

NeededCrab the Bludgeoner (Demonspawn Monk)        Turns: 20057, Time: 01:20:59

Health: -8/110     AC: 44    Str: 18    XL:     15   Next: 0%
Magic:  23/23      EV: 11    Int: 14    God:    Nemelex Xobeh [******]
Gold:   1209       SH: 17    Dex: 17    Spells: 14/14 levels left

rFire   + . .      SeeInvis .   k - +0 morningstar (flame)
rCold   + . .      Faith    .   F - +1 kite shield {rC+ rF+}
rNeg    . . .      Spirit   .   m - +18 crystal plate armour of Courage {Str+3 Int+2 Dex+5}
rPois   .          Reflect  .   (helmet restricted)
rElec   .          Harm     .   Z - +1 cloak
rCorr   .          Rampage  +   q - +0 pair of gloves
Will    +....      Rage     3%  v - +0 pair of boots {rampage}
Stlth   ..........              o - amulet of regeneration
HPRegen 0.00/turn               i - +4 ring of evasion
MPRegen 0.18/turn               H - +4 ring of evasion

@: sick, inhibited regen, unable to read
A: horns 1, slimy green scales 2, icemail 1, condensation shield, demonic magic
2, [berserk 2], [clumsy 2], [deformed body], [deterioration 2], [low mp 1],
[inhibited regeneration], [weak 1], [inability to read while threatened]
a: Renounce Religion, Draw Escape, Draw Destruction, Draw Summoning, Draw Stack,
Triple Draw, Deal Four, Stack Five


You were on level 13 of the Dungeon.
You worshipped Nemelex Xobeh.
Nemelex Xobeh was exalted by your worship.
You visited 3 branches of the dungeon, and saw 20 of its levels.
You visited the Abyss 1 time.
You also visited: Gauntlet.

You collected 1209 gold pieces.

Inventory:

Hand Weapons
 k - a +0 morningstar of flaming (weapon)
Missiles
 K - 5 throwing nets (quivered)
 P - 4 atropa-tipped darts
 S - 5 silver javelins
Armour
 m - the +18 crystal plate armour of Courage (worn) {Str+3 Int+2 Dex+5}
   (You acquired it on level 5 of the Lair of Beasts)

   Str:       It affects your strength (+3).
   Int:       It affects your intelligence (+2).
   Dex:       It affects your dexterity (+5).
 q - a +0 pair of gloves (worn)
 v - a +0 pair of boots of rampaging (worn)
 D - the +8 plate armour of Reene {Int+4 Stlth+}
   (You found it on level 7 of the Dungeon)

   Int:       It affects your intelligence (+4).
   Stlth:     It makes you more stealthy.
 E - +0 steam dragon scales
 F - a +1 kite shield of resistance (worn)
 Z - a +1 cloak (worn)
Magical Staves
 W - a staff of conjuration
 Y - a staff of poison
Jewellery
 i - a +4 ring of evasion (left hand)
 o - an amulet of regeneration (around neck)
 C - a +4 ring of protection
 H - a +4 ring of evasion (right hand)
 M - a +6 ring of intelligence
 O - a +6 ring of strength
 Q - a ring of protection from cold
 X - a ring of flight
Wands
 g - a wand of mindburst (15)
 r - a wand of acid (12)
 x - a wand of digging (3)
 B - a wand of flame (18)
 I - a wand of iceblast (20)
Scrolls
 b - 2 scrolls of torment
 c - 8 scrolls of teleportation
 e - 4 scrolls of amnesia
 j - 3 scrolls of magic mapping
 l - 2 scrolls of enchant armour
 s - a scroll of fog
 t - a scroll of summoning {unknown}
 y - 3 scrolls of enchant weapon
 z - 4 scrolls of immolation
 G - a scroll of fear {unknown}
 J - 2 scrolls of noise {unknown}
 L - 2 scrolls of brand weapon {unknown}
 N - a scroll of blinking {unknown}
Potions
 a - 2 potions of brilliance {unknown}
 d - 2 potions of haste {unknown}
 f - 2 potions of curing
 n - 6 potions of mutation
 p - a potion of degeneration {unknown}
 u - a potion of cancellation {unknown}
 A - a potion of lignification {unknown}
 R - 2 potions of magic
Miscellaneous
 w - a box of beasts
 T - a condenser vane
 U - a tin of tremorstones (2/2)


   Skills:
 - Level 7.7 Fighting
 - Level 16.0 Maces & Flails
 + Level 11.0 Armour
 - Level 2.6 Dodging
 - Level 1.7 Stealth
 * Level 9.6 Shields
 - Level 15.3 Invocations


You had 14 spell levels left.
You didn't know any spells.
Your spell library contained the following spells:

 Spells                   Type           Power      Damage    Failure   Level
 Animate Skeleton         Necr           0%         N/A       100%        1
 Magic Dart               Conj           0%         1d3       100%        1
 Pain                     Necr           0%         1d4       100%        1
 Ensorcelled Hibernation  Hex/Ice        0%         N/A       100%        2
 Searing Ray              Conj           0%         2d4       100%        2
 Static Discharge         Conj/Air       0%         N/A       100%        2
 Inner Flame              Hex/Fire       0%         N/A       100%        3
 Ozocubu's Armour         Ice            0%         N/A       100%        3
 Portal Projectile        Hex/Tloc       0%         N/A       100%        3
 Spider Form              Tmut/Pois      0%         N/A       100%        3
 Vampiric Draining        Necr           0%         2d6       100%        3
 Airstrike                Air            0%         N/A       100%        4
 Animate Armour           Summ/Erth      0%         N/A       100%        4
 Fulminant Prism          Conj/Hex       0%         3d6       100%        4
 Iskenderun's Mystic Bla  Conj/Tloc      0%         2d3       100%        4
 Leda's Liquefaction      Hex/Erth       0%         N/A       100%        4
 Summon Ice Beast         Ice/Summ       0%         N/A       100%        4
 Summon Lightning Spire   Summ/Air       0%         N/A       100%        4
 Blade Hands              Tmut           0%         N/A       100%        5
 Excruciating Wounds      Necr           0%         N/A       100%        5
 Freezing Cloud           Conj/Ice/Air   0%         6-21      100%        5
 Iskenderun's Battlesphe  Conj           0%         2d6       100%        5
 Lee's Rapid Deconstruct  Erth           0%         3d5*      100%        5
 Lightning Bolt           Conj/Air       0%         1d11      100%        5
 Silence                  Hex/Air        0%         N/A       100%        5
 Summon Mana Viper        Hex/Summ       0%         N/A       100%        5
 Conjure Ball Lightning   Conj/Air       0%         3x3d6     100%        6
 Iron Shot                Conj/Erth      0%         9d1       100%        6
 Monstrous Menagerie      Summ           0%         N/A       100%        7
 Ozocubu's Refrigeration  Ice            0%         4d5       100%        7
 Spellforged Servitor     Conj/Summ      0%         N/A       100%        7
 Maxwell's Capacitive Co  Air            0%         ∞         100%        8


Dungeon Overview and Level Annotations

Branches:
Dungeon (13/15)            Temple (1/1) D:7            Lair (6/6) D:8
  Swamp (0/4) Lair:4        Snake (0/4) Lair:2        Slime (0/5) Lair:5
    Orc (0/2) D:10        Gauntlet (visited)
 Vaults: D:13-14

Altars:
Ashenzari
Cheibriados
Dithmenos
Elyvilon
Fedhas
Gozag
Hepliaklqana
Kikubaaqudgha
Makhleb
Nemelex Xobeh
Okawaru
Qazlal
Ru
Sif Muna
Trog
Uskayaw
Vehumet
Wu Jian
Xom
Yredelemnul
Zin
The Shining One
Jiyva
Lugonu

Shops:
D:3 :   D:5 *   D:11 *:

Portals:
Abyss: Lair:6

Annotations:
D:3 2 runed translucent doors, Dazed's ghost, amateur TrAK
D:10 3 runed translucent doors, Caerwyn's ghost, journeyman VSFi


Innate Abilities, Weirdness & Mutations

You have a pair of small horns on your head.
You are mostly covered in slimy green scales. (AC +3)
A meltable icy envelope protects you from harm. (AC +4)
A meltable shield of frost defends you. (SH +4)
Spells you cast may paralyse nearby enemies.
[You often lose your temper in combat.]
[You are very clumsy. (Dex -4)]
[Armour fits poorly on your strangely shaped body.]
[Your body often deteriorates upon taking damage.]
[Your magical capacity is low. (-10% MP)]
[You do not regenerate when monsters are visible.]
[You are weak. (Str -2)]
[You sometimes lose the ability to read scrolls when taking damage.]


Message History

The spark wasp stings you but does no damage.
You hit the spark wasp. You burn the spark wasp.
The spark wasp is moderately wounded.
The spark wasp is no longer moving slowly.
The spark wasp misses you.
You closely miss the spark wasp. Your headbutt misses the spark wasp.
The spark wasp is moderately wounded.
You block the spark wasp's attack.
You sock the spark wasp! You burn the spark wasp.
The spark wasp is severely wounded.
You block the spark wasp's attack.
You closely miss the spark wasp.
The spark wasp is severely wounded.
The spark wasp stings you! The spark wasp shocks you!
You closely miss the spark wasp. Your headbutt misses the spark wasp.
The spark wasp is severely wounded.
You block the spark wasp's attack. The spark wasp closely misses you.
You barely miss the spark wasp. Your headbutt misses the spark wasp.
The spark wasp is severely wounded.
You block the spark wasp's attack.
You closely miss the spark wasp.
The spark wasp is severely wounded.
The spark wasp stings you. The spark wasp shocks you!
You feel threatened and lose the ability to read scrolls!
* * * LOW HITPOINT WARNING * * *
You hit the spark wasp. You burn the spark wasp.
Your headbutt misses the spark wasp.
The spark wasp is severely wounded.
The spark wasp stings you but does no damage.
You closely miss the spark wasp. You headbutt the spark wasp.
The spark wasp is severely wounded.
You block the spark wasp's attack.
You miss the spark wasp.
The spark wasp is severely wounded.
The spark wasp bursts into living lightning!
The living lightning hits you!
* * * LOW HITPOINT WARNING * * *
The spark wasp blinks!
The spark wasp stings you!
You die...
Your body disappears without a glow.

##########
#####
#y)......#
#.<..
#@######.#
#.### #§# #}#
#.# # #)# #.#
#.# # #.# #.#
#.# # #.####
#.# #.###
#....# #.#
#....
####.###)##
#.###
#.##...####.###
#.##...........


You could see a spark wasp (misshapen).

Vanquished Creatures
  A tentacled starspawn (Abyss:2)
  Frances (D:11)
  The ghost of poml the Slicer, a journeyman DjFE of Qazlal (Lair:6)
  A minotaur (Gauntlet)
  Snorg (D:13)
  Harold (Lair:2)
  11 hydras
  A catoblepas (Lair:5)
  3 boulder beetles
  A centaur warrior (D:13)
  2 two-headed ogres
  6 death yaks (Lair:4)
  2 thrashing horrors
  2 wretched stars
  A swamp dragon (D:13)
  A wolf spider (Lair:6)
  2 ugly things (Lair:6)
  9 elephants (Lair:6)
  3 moths of wrath
  3 manticores
  3 black mambas
  Maurice (D:13)
  Joseph (D:7)
  2 torpor snails
  An eye of devastation (Lair:6)
  3 smoke demons (Lair:6)
  8 cane toads
  12 komodo dragons
  An efreet (D:9)
  An unseen horror (shapeshifter) (Lair:6)
  A minotaur zombie (Gauntlet)
  2 ancient zymes
  5 rime drakes
  A kobold demonologist (D:12)
  3 burning bushes (Lair:1)
  5 trolls
  Prince Ribbit (D:6)
  A queen bee (shapeshifter) (Lair:6)
  A tyrant leech (Lair:4)
  2 polar bears
  A wind drake (Lair:6)
  17 blink frogs
  4 slime creatures (D:12)
  A raiju (Gauntlet)
  15 dream sheep
  8 small abominations (Lair:6)
  37 yaks
  2 redbacks (Gauntlet)
  A spriggan (Lair:6)
  4 wyverns
  A fire bat (Lair:6)
  A wraith (D:8)
  A wyvern (shapeshifter) (Lair:6)
  A ynoxinul (D:10)
  5 basilisks
  5 vampire mosquitoes
  4 steam dragons
  Eustachio (D:5)
  2 chaos spawn (Lair:6)
  Menkaure (D:7)
  Edmund (D:4)
  2 nagas
  3 swamp worms (Lair:4)
  2 acid dragons
  15 water moccasins
  Duvessa (D:6)
  5 orc warriors
  An ice beast (D:5)
  A sky beast (shapeshifter) (Abyss:2)
  4 black bears
  4 sky beasts
  A necrophage (D:6)
  4 ogres
  10 wolves
  5 centaurs
  2 phantoms
  A wyvern zombie (D:8)
  4 kobold brigands
  2 scorpions
  21 bullfrogs
  Dowan (D:6)
  A wyvern skeleton (D:7)
  3 killer bees (D:9)
  3 wights (D:9)
  5 electric eels
  4 howler monkeys (D:9)
  A bullfrog zombie (D:5)
  5 centaur zombies
  A hound (D:4)
  A bullfrog skeleton (D:6)
  3 orc priests (D:10)
  3 iguanas
  13 orc wizards
  7 adders
  4 gnolls
  A howler monkey skeleton (D:3)
  2 white imps (D:6)
  An ufetubus (D:4)
  An adder skeleton (D:4)
  3 worms
  A dart slug (D:1)
  48 orcs
  5 bats
  8 endoplasms
  8 goblins
  5 hobgoblins
  2 jackals (D:4)
  19 kobolds
  2 quokkas
  10 ball pythons
  5 frilled lizards
  8 rats
  2 bushes (Lair:6)
495 creatures vanquished.

Vanquished Creatures (collateral kills)
  2 thrashing horrors (Lair:6)
  An ugly thing (Lair:6)
  An elephant (Lair:6)
  A guardian serpent (Abyss:2)
  An ancient zyme (Lair:6)
  A steam dragon (shapeshifter) (Lair:6)
  2 nagas (Abyss:2)
  A small abomination (Lair:6)
10 creatures vanquished.

Vanquished Creatures (others)
  A yak (Lair:5)
  A bush (Lair:6)
  34 fungi
  48 plants
  6 starspawn tentacles (Abyss:2)
90 creatures vanquished.

Grand Total: 595 creatures vanquished

Notes
Turn   | Place    | Note
-------+----------+-------------------------------------------
     0 | D:1      | NeededCrab the Demonspawn Monk began the quest for the Orb.
     0 | D:1      | Reached XP level 1. HP: 18/18 MP: 1/1
   141 | D:1      | Reached skill level 3 in Maces & Flails
   141 | D:1      | Gained mutation: You have a pair of small horns on your
                  | head. [demonic ancestry]
   141 | D:1      | Reached XP level 2. HP: 21/24 MP: 2/2
   833 | D:1      | Reached skill level 1 in Armour
   833 | D:1      | Reached XP level 3. HP: 14/29 MP: 3/3
  1691 | D:2      | Found a faded altar of an unknown god.
  1700 | D:2      | Noticed a shining eye
  1707 | D:2      | Noticed a floating eye
  1707 | D:2      | Noticed an eye of devastation
  1707 | D:2      | Noticed a golden eye
  2083 | D:2      | Reached XP level 4. HP: 35/35 MP: 4/4
  2912 | D:3      | Reached skill level 4 in Maces & Flails
  2918 | D:3      | Found a large runed translucent door.
  2918 | D:3      | Found a large runed translucent door.
  2918 | D:3      | Noticed Dazed's ghost (amateur TrAK)
  3195 | D:3      | Found Daminn's Book Shop.
  3565 | D:3      | Reached skill level 1 in Shields
  3767 | D:4      | Found a hazy altar of Hepliaklqana.
  3768 | D:4      | Found an iron altar of Okawaru.
  3769 | D:4      | Found a shadowy altar of Dithmenos.
  3905 | D:4      | Noticed Edmund
  3972 | D:4      | Noticed a phantom
  3994 | D:3      | Killed a phantom
  3995 | D:3      | Reached XP level 5. HP: 32/42 MP: 5/5
  4149 | D:4      | Gained mutation: A meltable shield of frost defends you.
                  | (SH +4) [demonic ancestry]
  4149 | D:4      | Reached XP level 6. HP: 48/48 MP: 6/6
  4563 | D:4      | Reached skill level 5 in Maces & Flails
  4750 | D:4      | Killed Edmund
  4751 | D:4      | Gained mutation: Spells you cast may paralyse adjacent
                  | enemies. [demonic ancestry]
  4751 | D:4      | Reached XP level 7. HP: 19/54 MP: 7/7
  4796 | D:5      | Entered Level 5 of the Dungeon
  4796 | D:5      | Found Zyvaw's Overcharged Wands.
  5093 | D:5      | Reached skill level 6 in Maces & Flails
  5134 | D:5      | Reached skill level 5 in Fighting
  5239 | D:5      | Identified the +8 dagger of Uskayaw's Regard {spect, rF++
                  | rC+ Str+2 Int-5}
  5535 | D:5      | Gained mutation: A meltable icy envelope protects you from
                  | harm. (AC +4) [demonic ancestry]
  5535 | D:5      | Reached XP level 8. HP: 60/62 MP: 8/8
  5706 | D:6      | Noticed Eustachio
  5720 | D:5      | Killed Eustachio
  5849 | D:6      | Reached skill level 7 in Maces & Flails
  6403 | D:6      | Reached skill level 8 in Maces & Flails
  6621 | D:7      | Noticed Duvessa
  6635 | D:7      | Noticed Dowan
  6648 | D:6      | Killed Duvessa
  6655 | D:6      | Killed Dowan
  6656 | D:6      | Gained mutation: Spells you cast may paralyse nearby
                  | enemies. [demonic ancestry]
  6656 | D:6      | Reached XP level 9. HP: 52/71 MP: 9/9
  6673 | D:7      | Noticed Prince Ribbit
  6724 | D:6      | Killed Prince Ribbit
  6730 | D:7      | Found a staircase to the Ecumenical Temple.
  6730 | D:7      | Noticed Menkaure
  6738 | D:7      | Killed Menkaure
  6746 | Temple   | Entered the Ecumenical Temple
  6986 | Temple   | Became a worshipper of Nemelex Xobeh the Trickster
  6986 | Temple   | Reached * piety under Nemelex Xobeh
  6986 | Temple   | Received a gift from Nemelex Xobeh
  6986 | Temple   | Reached ** piety under Nemelex Xobeh
  7007 | D:7      | Identified the +8 plate armour of Reene {Int+4 Stlth+}
  7020 | D:7      | Noticed Joseph
  7041 | D:7      | Killed Joseph
  7107 | D:7      | Reached skill level 9 in Maces & Flails
  7549 | D:8      | Noticed a two-headed ogre
  7552 | D:8      | Reached skill level 1 in Invocations
  7576 | D:7      | Killed a two-headed ogre
  7577 | D:7      | Reached skill level 10 in Maces & Flails
  7577 | D:7      | Reached skill level 5 in Armour
  7577 | D:7      | Reached XP level 10. HP: 80/80 MP: 9/12
  7647 | D:8      | Found a staircase to the Lair.
  7765 | D:8      | Received a gift from Nemelex Xobeh
  8342 | D:9      | Reached skill level 5 in Invocations
  8494 | D:9      | Reached *** piety under Nemelex Xobeh
  8858 | D:10     | Entered Level 10 of the Dungeon
  8954 | D:10     | Reached skill level 11 in Maces & Flails
  8970 | D:10     | Noticed a manticore
  9112 | D:10     | Killed a manticore
  9125 | D:10     | Received a gift from Nemelex Xobeh
  9293 | D:10     | Found an opulent altar of Gozag.
  9349 | D:10     | Gained mutation: You are partially covered in slimy green
                  | scales. (AC +2) [demonic ancestry]
  9349 | D:10     | Reached XP level 11. HP: 85/85 MP: 16/16
  9374 | D:10     | Received a gift from Nemelex Xobeh
  9558 | D:10     | Reached **** piety under Nemelex Xobeh
  9565 | D:10     | Found a bloodstained altar of Trog.
  9575 | D:10     | Received a gift from Nemelex Xobeh
  9585 | D:10     | Found a shimmering blue altar of Sif Muna.
  9594 | D:10     | Got Sif Muna's Catalogue of Calling
  9765 | D:10     | Received a gift from Nemelex Xobeh
  9823 | D:10     | Found a runed translucent gate.
  9823 | D:10     | Found a runed translucent gate.
  9824 | D:10     | Found a runed translucent gate.
  9826 | D:10     | Noticed Caerwyn's ghost (journeyman VSFi)
  9938 | D:10     | Found a staircase to the Orcish Mines.
 10347 | D:11     | Found Diamp's Gadget Gallery.
 10407 | D:11     | Received a gift from Nemelex Xobeh
 10419 | D:11     | Got Siunejil's Handbook of Flight
 10420 | D:11     | Upgraded the game from 0.28-a0-697-g47f3eba to
                  | 0.28-a0-704-g4d584c6
 10822 | D:11     | Found Wehe's Book Emporium.
 10896 | D:12     | Noticed Frances
 11006 | Lair:1   | Entered Level 1 of the Lair of Beasts
 11006 | Lair:1   | Reached ***** piety under Nemelex Xobeh
 11006 | Lair:1   | Received a gift from Nemelex Xobeh
 11041 | Lair:1   | Reached skill level 10 in Invocations
 11046 | Lair:1   | Reached skill level 12 in Maces & Flails
 11288 | Lair:1   | Noticed a seven-headed hydra
 11299 | Lair:1   | Killed a seven-headed hydra
 11468 | Lair:1   | Noticed a seven-headed hydra
 11476 | Lair:1   | Killed a seven-headed hydra
 11491 | Lair:1   | Reached XP level 12. HP: 60/92 MP: 20/20
 11928 | Lair:2   | Noticed Harold
 11928 | Lair:2   | Found a basalt altar of Yredelemnul.
 11945 | Lair:2   | Killed Harold
 12029 | Lair:2   | Found a gate leading to a gauntlet.
 12038 | Gauntlet | Entered a Gauntlet
 12038 | Gauntlet | Found a transporter.
 12048 | Gauntlet | Found a transporter.
 12048 | Gauntlet | Found a transporter.
 12062 | Gauntlet | Found a transporter.
 12064 | Gauntlet | Found a transporter.
 12071 | Gauntlet | Found a transporter.
 12087 | Gauntlet | Found a transporter.
 12098 | Gauntlet | Found a transporter.
 12105 | Gauntlet | Noticed a dire elephant
 12109 | Gauntlet | Found a transporter.
 12124 | Gauntlet | Found a transporter.
 12139 | Gauntlet | Found a transporter.
 12139 | Gauntlet | Found a transporter.
 12181 | Gauntlet | Found a transporter.
 12198 | Gauntlet | Found a transporter.
 12475 | Gauntlet | Identified the +6 scimitar of Bespelled Punishment {vorpal,
                  | Fly Int+5}
 12475 | Gauntlet | Noticed a minotaur
 12479 | Gauntlet | Killed a minotaur
 12587 | Lair:2   | Reached skill level 13 in Maces & Flails
 12620 | Lair:2   | Found a staircase to the Snake Pit.
 13530 | Lair:3   | Received a gift from Nemelex Xobeh
 13617 | Lair:3   | Found a transporter.
 13619 | Lair:3   | Found a transporter.
 13625 | Lair:3   | Noticed a boulder beetle
 13631 | Lair:3   | Identified the +6 scale mail "Iptev" {Rampage rElec rF++
                  | Dex-3}
 13751 | Lair:3   | You fall into a shaft and drop 1 floor!
 13761 | Lair:3   | Received a gift from Nemelex Xobeh
 13970 | Lair:3   | Received a gift from Nemelex Xobeh
 14276 | Lair:4   | Noticed a death yak
 14276 | Lair:4   | Noticed a death yak
 14276 | Lair:4   | Noticed a death yak
 14278 | Lair:4   | Noticed a death yak
 14279 | Lair:4   | Noticed a death yak
 14288 | Lair:4   | Noticed a death yak
 14305 | Lair:4   | Killed a death yak
 14308 | Lair:4   | Killed a death yak
 14322 | Lair:4   | Killed a death yak
 14324 | Lair:4   | Killed a death yak
 14337 | Lair:4   | Killed a death yak
 14338 | Lair:4   | Reached XP level 13. HP: 81/98 MP: 23/23
 14636 | Lair:4   | Reached skill level 14 in Maces & Flails
 14926 | Lair:4   | Received a gift from Nemelex Xobeh
 14975 | Lair:4   | Reached ****** piety under Nemelex Xobeh
 15486 | Lair:4   | Reached skill level 15 in Invocations
 15543 | Lair:4   | Found a staircase to the Swamp.
 15945 | Lair:5   | Identified 2 scrolls of acquirement
 15946 | Lair:5   | Acquired a +1 kite shield of resistance
 15948 | Lair:5   | Acquired the +18 crystal plate armour of Courage {Str+3
                  | Int+2 Dex+5}
 15997 | Lair:5   | Received a gift from Nemelex Xobeh
 16159 | Lair:5   | Found a viscous altar of Jiyva.
 16159 | Lair:5   | Found a staircase to the Slime Pits.
 16237 | Lair:5   | Received a gift from Nemelex Xobeh
 16339 | Lair:5   | Reached skill level 5 in Shields
 17007 | Lair:6   | Entered Level 6 of the Lair of Beasts
 17007 | Lair:6   | Received a gift from Nemelex Xobeh
 17128 | Lair:6   | Reached skill level 15 in Maces & Flails
 17236 | Lair:6   | Gained mutation: You are mostly covered in slimy green
                  | scales. (AC +3) [demonic ancestry]
 17236 | Lair:6   | Reached XP level 14. HP: 99/104 MP: 25/25
 17344 | Lair:6   | Identified the +6 flail of the Goat {vorpal, *Slow rCorr
                  | Dex+3 SInv}
 17560 | Lair:6   | Reached skill level 10 in Armour
 17797 | Lair:6   | Found a corrupted altar of Lugonu.
 17797 | Lair:6   | Found a one-way gate to the infinite horrors of the Abyss.
 17807 | Lair:6   | Got the Guide on Icy Hexes
 17906 | Lair:6   | Received a gift from Nemelex Xobeh
 18140 | Lair:6   | Found a runed translucent gate.
 18140 | Lair:6   | Found a runed translucent gate.
 18140 | Lair:6   | Found a runed translucent gate.
 18145 | Lair:6   | Noticed poml's ghost (journeyman DjFE)
 18293 | Lair:6   | Received a gift from Nemelex Xobeh
 18771 | Lair:6   | Killed poml's ghost
 19038 | D:12     | Received a gift from Nemelex Xobeh
 19129 | D:11     | Killed Frances
 19130 | D:11     | Reached skill level 16 in Maces & Flails
 19712 | D:13     | Noticed Snorg
 19732 | D:13     | Killed Snorg
 19788 | D:13     | Noticed Maurice
 19813 | D:13     | Killed Maurice
 19886 | D:13     | Cast into level 2 of the Abyss (tengu warrior)
 19932 | Abyss:2  | Received a gift from Nemelex Xobeh
 19998 | Abyss:2  | Noticed a tentacled starspawn
 20027 | Abyss:2  | Killed a tentacled starspawn
 20032 | D:13     | Escaped the Abyss
 20045 | D:13     | Reached XP level 15. HP: 56/110 MP: 23/23
 20057 | D:13     | Mangled by a spark wasp

Illustrated notes

Levels and vault maps discovered:
D:1:      elethiomel_arrival_quiet, layout_basic
D:2:      layout_loops_corners, hellmonk_ecumenical_altar_watching_god
D:3:      layout_basic, ebering_ghost_disaster_area, serial_shops, shop,
          roderic_nine_men_s_morris
D:4:      layout_gridville, mainiacjoe_overflow_alcove_3, zin_treasury,
          uniq_edmund
D:5:      layout_loops_corners, nicolae_shop_overcharged_wands
D:6:      layout_cave_pods, uniq_eustachio
D:7:      layout_basic, minmay_temple_entry_overgrown, uniq_menkaure,
          uniq_duvessa, uniq_prince_ribbit1, uniq_joseph
D:8:      layout_cave_pools, grunt_lair_entry_orc_guard_hut
D:9:      layout_irregular_city, minmay_between
D:10:     layout_long_grid, mainiacjoe_overflow_brackets,
          nzn_overflow_gifts_of_might_and_magic, erik_orc_2,
          gammafunk_ghost_necromancy
D:11:     layout_irregular_city, serial_shops, kennysheep_little_box,
          nicolae_shop_gadgets
D:12:     layout_roguey, uniq_frances
D:13:     layout_loops_ring, ebering_ghost_gozag, uniq_rupert, uniq_snorg,
          uniq_maurice
Temple:   eino_temple_water
Lair:1:   layout_cave_shapes, evilmike_ambush [evilmike_ambush_outer_basic,
          evilmike_ambush_inner_basic]
Lair:2:   layout_roguey, guppyfry_snake_entry_garden, basic_altar,
          gauntlet_entry_generic, uniq_harold
Lair:3:   gammafunk_boulding_lane, layout_cave_pods
Lair:4:   layout_roguey, palyth_hydra_swamp_entry, wad_woods_river_01,
          serial_bayou_shore_b
Lair:5:   layout_cave_pods, dpeg_slime_entry_enclosed_altar,
          infiniplex_staircase_pool_2, serial_bayou_shore_b
Lair:6:   hellmonk_lair_end_abyssal_woods, layout_regular_city,
          gammafunk_ghost_hydra_chop, wad_woods_03, infiniplex_staircase_pool

Skill      XL: |  1  2  3  4  5  6  7  8  9 10 11 12 13 14 |
---------------+-------------------------------------------+-----
Maces & Flails | 3 4 5 6 8 10 11 12 13 15 16 | 16.0
Armour         | 1 3 5 6 7 8 9 11 | 11.0
Shields        | 1 2 3 4 6 9 |  9.6
Fighting       | 4 5 6 7 |  7.7
Invocations    | 3 7 11 14 15 | 15.3
Dodging        | |  2.6
Stealth        | |  1.7

Action                   |  1- 3 |  4- 6 |  7- 9 | 10-12 | 13-15 || total
-------------------------+-------+-------+-------+-------+-------++-------
Melee: Mace              |   132 |    80 |       |       |       ||   212
       Headbutt          |     8 |    38 |    58 |   230 |   323 ||   657
       Whip              |       |    71 |       |       |       ||    71
       Flail             |       |       |   305 |   346 |       ||   651
       Morningstar       |       |       |       |   683 |  1076 ||  1759
Invok: Draw Destruction  |       |       |       |    11 |    21 ||    32
       Stack Five        |       |       |       |     1 |       ||     1
       Draw Stack        |       |       |       |     1 |       ||     1
       Deal Four         |       |       |       |       |     2 ||     2
       Draw Escape       |       |       |       |       |     2 ||     2
       Draw Summoning    |       |       |       |       |     2 ||     2
  Use: Scroll            |       |       |       |    13 |     7 ||    20
       Potion            |       |       |       |       |     3 ||     3
 Stab: Sleeping          |     2 |     3 |       |       |       ||     5
       Distracted        |       |     1 |       |       |       ||     1
       Petrified         |       |       |       |       |     6 ||     6
Armor: Robe              |     9 |       |       |       |       ||     9
       Leather armour    |     5 |       |       |       |       ||     5
       Ring mail         |    28 |    21 |     3 |       |       ||    52
       Scale mail        |       |       |    36 |       |       ||    36
       Plate armour      |       |       |    54 |   634 |   107 ||   795
       Crystal plate arm |       |       |       |       |   707 ||   707
Dodge: Dodged            |    82 |    84 |   118 |   398 |   376 ||  1058
Block: Buckler           |       |    29 |   105 |   427 |    93 ||   654
       Kite shield       |       |       |       |       |   811 ||   811

Table legend: (Time is in decaauts)
 A = Elapsed time spent in this place.
 B = Non-inter-level travel time spent in this place.
 C = Inter-level travel time spent in this place.
 D = Time resting spent in this place.
 E = Time spent auto-exploring this place.
 F = Levels seen in this place.
 G = Mean time per level.
                   A        B        C        D        E       F      G
               +--------+--------+--------+--------+--------+-----+--------+
         Total |  19926 |  19019 |    907 |    895 |  12704 |  22 |  905.7 |
       Dungeon |  11802 |  11332 |    470 |    557 |   7715 |  13 |  907.8 |
        Temple |    251 |    241 |     10 |      0 |    203 |   1 |  251.0 |
          Lair |   7245 |   6818 |    427 |    282 |   4529 |   6 | 1207.5 |
         Abyss |    142 |    142 |      0 |     56 |     25 |   1 |  142.0 |
      Gauntlet |    484 |    484 |      0 |      0 |    232 |   1 |  484.0 |
               +--------+--------+--------+--------+--------+-----+--------+

Top non-repeatable levels by time:
  Lair:6: 1756 daAuts
     D:2: 1443 daAuts
  Lair:4: 1336 daAuts
  Lair:5: 1281 daAuts
     D:1: 1281 daAuts
     D:3: 1178 daAuts
  Lair:3: 1115 daAuts
    D:10: 1094 daAuts
     D:5: 1013 daAuts
     D:4: 956 daAuts
  Lair:1: 924 daAuts
     D:9: 909 daAuts
    D:11: 909 daAuts
     D:6: 900 daAuts
  Lair:2: 829 daAuts
